 Dungeon Crawl Stone Soup version 0.23-a0-143-g1adec7b (webtiles) character file.

24 Amnesiac the Magician (level 2, -1/22 HPs)
             Began as a Mummy Wanderer on Sept 3, 2018.
             Slain by a worker ant (7 damage)
             ... on level 3 of the Dungeon.
             The game lasted 00:01:54 (896 turns).

Amnesiac the Magician (Mummy Wanderer)               Turns: 896, Time: 00:01:55

Health: -1/22      AC:  2    Str: 16    XL:     2   Next: 79%
Magic:  3/8        EV: 10    Int: 10    God:
Gold:   55         SH:  3    Dex: 11    Spells: 9/12 levels left

rFire    x . .     SeeInvis .   a - +1 dagger (speed)
rCold    + . .     Gourm    .   c - +0 buckler
rNeg     + + +     Faith    .   d - +0 robe
rPois    ∞         Spirit   .   (no helmet)
rElec    .         Reflect  .   (no cloak)
rCorr    .         Harm     .   (no gloves)
MR       .....                  (no boots)
Stlth    +.........             (no amulet)
HPRegen  0.07/turn              (no ring)
MPRegen  0.11/turn              (no ring)

@: very slightly contaminated
A: no food or potions, fire vulnerability, cold resistance 1, negative energy
resistance 3, torment resistance, unbreathing
a: no special abilities


You were on level 3 of the Dungeon.
You were not hungry.

You visited 1 branch of the dungeon, and saw 3 of its levels.

You collected 55 gold pieces.

Inventory:

Hand Weapons
 a - a +1 dagger of speed (weapon)
Missiles
 f - a stone (quivered)
Armour
 c - a +0 buckler (worn)
 d - a +0 robe (worn)
Scrolls
 b - a scroll of noise {!r, unknown}
 e - a scroll of remove curse {!r}


   Skills:
 - Level 2.0 Fighting
   Level 1.0 Maces & Flails
 - Level 1.0 Shields
 - Level 5.5 Spellcasting
 + Level 2.1 Earth Magic
   Level 1.0 Evocations


You had 9 spell levels left.
You knew the following spells:

 Your Spells              Type           Power        Failure   Level  Hunger
a - Sandblast             Erth           #.....       13%         1    N/A
b - Passwall              Tmut/Erth      #.......     30%         2    N/A

Your spell library contained the following spells:

 Spells                   Type           Power        Failure   Level  Hunger
 Stone Arrow              Conj/Erth      #.....       52%         3    N/A
 Petrify                  Tmut/Erth      #.......     90%         4    N/A
 Lee's Rapid Deconstruct  Erth           #.........   98%         5    N/A

Dungeon Overview and Level Annotations

Branches:
Dungeon (3/15)

Altars:


Innate Abilities, Weirdness & Mutations

You do not eat or drink.
Your flesh is vulnerable to fire.
You are immune to poison.
Your flesh is cold resistant. (rC+)
You are immune to negative energy. (rN+++)
You are immune to unholy pain and torment.
You can survive without breathing.


Message History

You block the worker ant's attack.
You see here a ration.
Casting: Sandblast (safe; 13% risk of failure)
Confirm with . or Enter, or press ? or * to list all spells.
Aiming: Sandblast (safe; 13% risk of failure)
Press: ? - help, Shift-Dir - straight line, f - worker ant
Aim: a worker ant The blast of sand hits the worker ant.
f - 3 stones The worker ant bites you.
Casting: Sandblast (safe; 13% risk of failure)
Confirm with . or Enter, or press ? or * to list all spells.
Aiming: Sandblast (safe; 13% risk of failure)
Press: ? - help, Shift-Dir - straight line, f/p - worker ant
Aim: a worker ant The blast of sand hits the worker ant.
f - 2 stones The worker ant bites you.
Things that are here:
a stone; a goblin corpse
Casting: Sandblast (safe; 13% risk of failure)
Confirm with . or Enter, or press ? or * to list all spells.
Aiming: Sandblast (safe; 13% risk of failure)
Press: ? - help, Shift-Dir - straight line, f/p - worker ant
Aim: a worker ant The blast of sand hits the worker ant.
f - a stone The worker ant bites you.
* * * LOW HITPOINT WARNING * * *
The worker ant closely misses you.
Casting: Sandblast (safe; 13% risk of failure)
Confirm with . or Enter, or press ? or * to list all spells.
Aiming: Sandblast (safe; 13% risk of failure)
Press: ? - help, Shift-Dir - straight line, f/p - worker ant
Aim: a worker ant The blast of sand hits the worker ant.
You now have no stones remaining.
The worker ant closely misses you.
Casting: Sandblast (safe; 13% risk of failure)
Confirm with . or Enter, or press ? or * to list all spells.
Aiming: Sandblast (safe; 13% risk of failure)
Press: ? - help, Shift-Dir - straight line, f/p - worker ant
Aim: a worker ant You don't have any stones to cast with.
Casting: Sandblast (safe; 13% risk of failure)
Confirm with . or Enter, or press ? or * to list all spells.
Aiming: Sandblast (safe; 13% risk of failure)
Press: ? - help, Shift-Dir - straight line, f/p - worker ant
Aim: a worker ant You don't have any stones to cast with.
f - a stone The worker ant barely misses you.
Casting: Sandblast (safe; 13% risk of failure)
Confirm with . or Enter, or press ? or * to list all spells.
Aiming: Sandblast (safe; 13% risk of failure)
Press: ? - help, Shift-Dir - straight line, f/p - worker ant
Aim: a worker ant You miscast Sandblast.
You are very lightly contaminated with residual magic.
The floor vibrates.
The worker ant barely misses you.
You closely miss the worker ant. The worker ant bites you.
* * * LOW HITPOINT WARNING * * *
Your shield prevents you from hitting the worker ant.
The worker ant bites you!
You die...

### #.. #.#
#.# #.#
##########<#
#.@........#
#a########.#
#.# ...# ...
.#.# .####
#. .# .# ##
## ##


You could see a worker ant.

Vanquished Creatures
  An adder (D:2)
  A bat (D:1)
  4 goblins
  A hobgoblin (D:1)
  A quokka (D:2)
  3 kobolds
  4 rats
15 creatures vanquished.

Notes
Turn   | Place    | Note
-------+----------+-------------------------------------------
     0 | D:1      | Amnesiac the Mummy Wanderer began the quest for the Orb.
     0 | D:1      | Amnesiac set off with: a +0 mace, a +0 buckler, a +0 robe
     0 | D:1      | Reached XP level 1. HP: 16/16 MP: 6/6
     2 | D:1      | Learned a level 1 spell: Sandblast
   483 | D:2      | Reached XP level 2. HP: 22/22 MP: 8/8
   493 | D:2      | Learned a level 2 spell: Passwall
   896 | D:3      | Slain by a worker ant

Vault maps used:
D:1:      mrwooster_arrival_statue
D:2:      evilmike_ruin_ashenzari, lemuel_coloured_pillars_altar,
          uniq_crazy_yiuf_cottage
D:3:      marbit_many_paths, uniq_jessica

Skill      XL: |  1  2 |
---------------+-------+-----
Earth Magic    | 2 |  2.1
Fighting       | |  2.0
Maces & Flails | |  1.0
Shields        | |  1.0
Spellcasting   | |  5.5
Evocations     | |  1.0

Action                   || total
-------------------------++-------
Melee: Mace              ||    32
       Dagger            ||    21
 Cast: Sandblast         ||     4
  Use: Scroll            ||     1
Armor: Robe              ||    12
Dodge: Dodged            ||    29
Block: Buckler           ||     8

Table legend:
 A = Non-vault XP
 B = Vault XP
 C = Vault XP percentage of total XP
 D = Non-vault monster count
 E = Vault monster count
 F = Vault count percentage of total count
                 A         B        C        D         E       F
            +---------+---------+-------+---------+---------+-------
      Total |      35 |       0 |   0.0 |      15 |       0 |   0.0
            +---------+---------+-------+---------+---------+-------
        D:1 |      12 |       0 |   0.0 |       8 |       0 |   0.0
        D:2 |      20 |       0 |   0.0 |       5 |       0 |   0.0
        D:3 |       3 |       0 |   0.0 |       2 |       0 |   0.0
            +---------+---------+-------+---------+---------+-------
